 Dungeon Crawl Stone Soup version 0.30-a0-159-g068b764562 (webtiles) character file.

Game seed: 1931438762212357023

268 qw the Chopper (level 6, -5/38 HPs)
             Began as a Gargoyle Fighter on Sept 27, 2022.
             Slain by an ogre
             ... wielding a +0 giant club
              (18 damage)
             ... on level 4 of the Dungeon.
             The game lasted 00:01:22 (3976 turns).

qw the Chopper (Gargoyle Fighter)                   Turns: 3976, Time: 00:01:22

Health: -5/38      AC: 14    Str: 21    XL:     6   Next: 21%
Magic:  6/6        EV:  7    Int:  9    God:
Gold:   164        SH:  4    Dex:  9    Spells: 5/5 levels left

rFire   . . .      SeeInvis .    Y - +1 war axe
rCold   . . .      Faith    .    c - +0 buckler
rNeg    + . .      Spirit   .    h - +0 chain mail
rPois   inf        Reflect  .    (no helmet)
rElec   +          Harm     .    (no cloak)
rCorr   .          Rampage  .    i - +0 pair of gloves
Will    .....                    (no boots)
Stlth   ..........               (no amulet)
HPRegen 0.12/turn                (no ring)
MPRegen 0.10/turn                (no ring)

@: no status effects
A: sickness immunity, AC +4, negative energy resistance 1, electricity
resistance, torment resistance 1, petrification resistance
a: no special abilities


You were on level 4 of the Dungeon.
You visited 1 branch of the dungeon, and saw 4 of its levels.

You collected 164 gold pieces.


Innate Abilities, Weirdness & Mutations

You are immune to sickness and miasma.
Your stone body is resilient. (AC +4)
You are immune to poison.
You resist negative energy. (rN+)
You are resistant to electric shocks. (rElec)
You are resistant to unholy torment.
You are immune to petrification.


   Skills:
 - Level 4.1 Fighting
 + Level 5.3 Axes
 - Level 0.4 Throwing
 - Level 3.2 Armour
 - Level 3.2 Shields


You had 5 spell levels left.
You didn't know any spells.
Your spell library was empty.

Inventory:

Hand Weapons
 o - a +2 whip of pain
 Y - a +1 war axe (weapon)
Armour
 c - a +0 buckler (worn)
 h - a +0 chain mail (worn)
 i - a +0 pair of gloves (worn)
 j - a +0 helmet
 r - a +0 kite shield
Jewellery
 p - an amulet of faith
Scrolls
 a - 2 scrolls of identify
Potions
 b - a potion of mutation {unknown}
 d - a potion of might
 e - 2 potions of haste {unknown}
 f - a potion of heal wounds
 g - a potion of curing {unknown}
 k - a potion of berserk rage {unknown}
 l - a potion of magic {unknown}
 n - a potion of degeneration {unknown}
 q - 2 potions of attraction {unknown}

Dungeon Overview and Level Annotations

Branches:
Dungeon (4/15)
 Temple: D:4-7

Altars:
Ashenzari
Cheibriados
Hepliaklqana
Ru


Message History

Enter note:
Enter note: A kobold comes into view. It is wielding a +2 whip of pain.
Found an escape hatch in the ceiling.
The kobold shouts!
Throw: 2 boomerangs (disperse)
Press: ? - help, Q - select action Shift-Dir - straight line, f - kobold You throw a boomerang of dispersal.
The boomerang of dispersal hits the kobold.
The kobold blinks!
There is a stone staircase leading up here.
There is an escape hatch in the ceiling here.
A kobold is nearby!
Throw: boomerang (disperse)
Press: ? - help, Q - select action Shift-Dir - straight line, f/p - kobold You throw a boomerang of dispersal.
The boomerang of dispersal hits the kobold!
The kobold blinks!
You kill the kobold!
You now have 164 gold pieces (gained 5).
o - a +2 whip of pain You see here a kobold corpse.
3962 ||| DROPPING +0 whip.
You drop a +0 whip.
An ogre comes into view. It is wielding a +0 giant club.
The ogre shouts!
You barely miss the ogre. The ogre barely misses you.
You hit the ogre but do no damage. The ogre hits you with a +0 giant club.
You hit the ogre.
The ogre is lightly wounded.
The ogre barely misses you.
You hit the ogre.
The ogre is moderately wounded.
The ogre hits you with a +0 giant club!!
Ouch! That really hurt!
You hit the ogre.
The ogre is moderately wounded.
The ogre hits you with a +0 giant club!!
You die...

............
...........# ..#
.?..)......# #..
...........# ..#
............# ##..
.............###..#
.###......#.......#
## ##.....# #...O.#
# #....# #..@# ....
##..## ...# ##..#
##...# ##..#####.#
#....## #..).......
#.....####.....#####
#.....##......##
#.....##.....##
#.....#...<..#


You could see an ogre.

Vanquished Creatures
  A scorpion (D:3)
  An iguana (D:4)
  An orc wizard (D:3)
  7 adders
  A worm (D:2)
  A dart slug (D:3)
  8 orcs
  8 endoplasms
  5 giant cockroaches
  7 goblins
  9 hobgoblins
  2 jackals (D:4)
  5 quokkas
  3 ball pythons
  6 bats
  6 frilled lizards
  6 kobolds
  6 rats
83 creatures vanquished.

Vanquished Creatures (others)
  A plant (D:1)
1 creature vanquished.

Grand Total: 84 creatures vanquished

Notes
Turn   | Place    | Note
-------+----------+-------------------------------------------
     0 | D:1      | qw the Gargoyle Fighter began the quest for the Orb.
     0 | D:1      | Reached XP level 1. HP: 14/14 MP: 1/1
     0 | D:1      | 0 ||| qw: Version: 0.2-a-10-g37ed214
     0 | D:1      | 0 ||| qw: Game counter: 547
     0 | D:1      | 0 ||| qw: Always use a shield: true
     0 | D:1      | 0 ||| qw: God list: Okawaru
     0 | D:1      | 0 ||| qw: Allow faded altars: false
     0 | D:1      | 0 ||| qw: Do Orc after D:15 true
     0 | D:1      | 0 ||| qw: Do second Lair branch before Depths: true
     0 | D:1      | 0 ||| qw: Lair rune preference: random
     0 | D:1      | 0 ||| qw: Plans: Normal, Zot:1-4, God:TSO, Crypt, Tomb,
                  | Pan, Slime:5, Hells, Abyss, Orb
     0 | D:1      | 0 ||| PLANNING D:1-11
    70 | D:1      | Reached skill level 2 in Axes
   385 | D:1      | Reached XP level 2. HP: 19/19 MP: 2/2
   582 | D:1      | Found a faded altar of an unknown god.
   893 | D:1      | 893 ||| Stepping ~*~*~tactically~*~*~ (stealth).
   898 | D:1      | 898 ||| Stepping ~*~*~tactically~*~*~ (stealth).
   908 | D:1      | Reached skill level 3 in Axes
   922 | D:1      | 922 ||| Stepping ~*~*~tactically~*~*~ (stealth).
   924 | D:1      | 924 ||| Stepping ~*~*~tactically~*~*~ (stealth).
   927 | D:1      | 927 ||| DROPPING +0 club.
   929 | D:1      | 929 ||| Stepping ~*~*~tactically~*~*~ (stealth).
   936 | D:1      | 936 ||| Stepping ~*~*~tactically~*~*~ (stealth).
   938 | D:1      | 938 ||| Stepping ~*~*~tactically~*~*~ (stealth).
   942 | D:1      | Reached XP level 3. HP: 22/23 MP: 3/3
  1238 | D:1      | 1238 ||| UPGRADING to +0 chain mail.
  1248 | D:1      | 1248 ||| DROPPING +0 scale mail.
  1249 | D:1      | 1249 ||| UPGRADING to +0 pair of gloves.
  1254 | D:1      | 1254 ||| READING scroll labelled ROTTASI ESECSA.
  1255 | D:1      | 1255 ||| READING scroll labelled YPPUUKHO YHEU.
  1256 | D:1      | 1256 ||| READING scroll labelled CULACHIACW.
  1257 | D:1      | 1257 ||| DRINKING 2 pink potions.
  1258 | D:1      | 1258 ||| DRINKING 2 fuming puce potions.
  1259 | D:1      | 1259 ||| DROPPING potion of flight.
  1260 | D:1      | 1260 ||| DROPPING potion of brilliance.
  1354 | D:2      | 1354 ||| Stepping ~*~*~tactically~*~*~ (hiding).
  1356 | D:2      | 1356 ||| Stepping ~*~*~tactically~*~*~ (hiding).
  1429 | D:2      | 1429 ||| Stepping ~*~*~tactically~*~*~ (stealth).
  1506 | D:2      | 1506 ||| Stepping ~*~*~tactically~*~*~ (stealth).
  1625 | D:2      | Reached XP level 4. HP: 28/28 MP: 4/4
  1629 | D:2      | Found a snail-covered altar of Cheibriados.
  1920 | D:2      | 1920 ||| Stepping ~*~*~tactically~*~*~ (stealth).
  1943 | D:2      | Reached skill level 4 in Axes
  2161 | D:2      | 2161 ||| READING scroll labelled GINAGE FECIL.
  2162 | D:2      | 2162 ||| READING scroll labelled SIOLUI LUSAMIE.
  2163 | D:2      | 2163 ||| READING scroll labelled UCUARE GIFU.
  2164 | D:2      | 2164 ||| READING scroll labelled LADOSO ESTRIHAH.
  2165 | D:2      | 2165 ||| DRINKING 2 fizzy orange potions.
  2244 | D:3      | Noticed a scorpion
  2261 | D:3      | Killed a scorpion
  2262 | D:3      | Reached XP level 5. HP: 24/32 MP: 5/5
  2273 | D:3      | 2273 ||| FLEEEEING.
  2274 | D:3      | 2274 ||| FLEEEEING.
  2275 | D:3      | 2275 ||| STAIRDANCE
  2343 | D:3      | Reached skill level 5 in Axes
  2343 | D:3      | 2343 ||| STAIRDANCE
  2580 | D:3      | 2580 ||| Stepping ~*~*~tactically~*~*~ (hiding).
  2596 | D:3      | 2596 ||| Stepping ~*~*~tactically~*~*~ (stealth).
  2626 | D:3      | Found a sacrificial altar of Ru.
  2793 | D:3      | 2793 ||| Stepping ~*~*~tactically~*~*~ (hiding).
  2814 | D:3      | 2814 ||| Stepping ~*~*~tactically~*~*~ (stealth).
  2816 | D:3      | 2816 ||| Stepping ~*~*~tactically~*~*~ (stealth).
  2871 | D:3      | Found a hazy altar of Hepliaklqana.
  3048 | D:3      | Reached XP level 6. HP: 36/38 MP: 6/6
  3107 | D:3      | 3107 ||| READING scroll labelled ATITUNGI PUMNOT.
  3161 | D:4      | 3161 ||| Stepping ~*~*~tactically~*~*~ (stealth).
  3163 | D:4      | 3163 ||| Stepping ~*~*~tactically~*~*~ (stealth).
  3164 | D:4      | 3164 ||| Stepping ~*~*~tactically~*~*~ (stealth).
  3580 | D:4      | Found a broken altar of Ashenzari.
  3587 | D:4      | 3587 ||| Stepping ~*~*~tactically~*~*~ (stealth).
  3589 | D:4      | 3589 ||| Stepping ~*~*~tactically~*~*~ (stealth).
  3591 | D:4      | 3591 ||| Stepping ~*~*~tactically~*~*~ (stealth).
  3627 | D:4      | 3627 ||| Stepping ~*~*~tactically~*~*~ (stealth).
  3962 | D:4      | 3962 ||| DROPPING +0 whip.
  3976 | D:4      | Slain by an ogre

Levels and vault maps discovered:
D:1:      matt_arrival_refuge, layout_rooms, shapermc_ecumenical_altar_ellora,
          minmay_misc_feat_tower, roderic_roman_lattice, palyth_stone_intersect,
          minmay_misc_feat_x, minmay_vboxes
D:2:      layout_basic, basic_altar, grunt_ministairs_8
D:3:      layout_basic, mainiacjoe_overflow_tiny_flanked, pf_just_have_faith
D:4:      layout_layer_cave, mainiacjoe_overflow_alcove_2,
          minmay_misc_feat_secret_circle

Skill      XL: |  1  2  3  4  5 |
---------------+----------------+-----
Axes           | 2 3 4 5 |  5.3
Fighting       | 4 |  4.1
Throwing       | |  0.4
Armour         | |  3.2
Shields        | |  3.2

Action                   |  1- 3 |  4- 6 || total
-------------------------+-------+-------++-------
Melee: War axe           |   116 |   138 ||   254
Throw: Boomerang         |       |     6 ||     6
  Use: Scroll            |     3 |     5 ||     8
       Potion            |     2 |     1 ||     3
Armor: Scale mail        |    31 |       ||    31
       Chain mail        |    16 |    73 ||    89
Dodge: Dodged            |    52 |    45 ||    97
Block: Buckler           |    23 |    24 ||    47

Table legend:
 A = Non-vault XP
 B = Vault XP
 C = Vault XP percentage of total XP
 D = Non-vault monster count
 E = Vault monster count
 F = Vault count percentage of total count
                 A         B        C        D         E       F
            +---------+---------+-------+---------+---------+-------
      Total |     368 |      15 |   3.9 |      74 |       9 |  10.8
            +---------+---------+-------+---------+---------+-------
        D:1 |      26 |      13 |  33.3 |      17 |       7 |  29.2
        D:2 |      77 |       2 |   2.5 |      24 |       2 |   7.7
        D:3 |     202 |       0 |   0.0 |      19 |       0 |   0.0
        D:4 |      63 |       0 |   0.0 |      14 |       0 |   0.0
            +---------+---------+-------+---------+---------+-------
